 Dungeon Crawl Stone Soup version 0.31-a0-435-g2c6fae2916 (webtiles) character file.

Game seed: 10838948119267175745

1436 mopl the Insei (level 8, -5/54 HPs)
             Began as an Octopode Shapeshifter on Aug 1, 2023.
             Was a Priest of Uskayaw.
             Slain by a steam dragon (11 damage)
             ... on level 7 of the Dungeon.
             The game lasted 00:05:27 (5656 turns).

mopl the Insei (Octopode Shapeshifter)              Turns: 5656, Time: 00:05:28

Health: -5/54      AC:  1    Str: 14    XL:     8   Next: 73%
Magic:  5/9        EV: 10    Int: 16    God:    Uskayaw [***...]
Gold:   213        SH: 13    Dex: 15    Spells: 7/7 levels left

rFire   . .          .
                       - Unarmed
rCold   . . .        v - +2 tower shield
rNeg    + . .        (helmet currently unavailable)
rPois   .            (no amulet)
rElec   .            m - +6 ring of intelligence
rCorr   .            w - ring of positive energy
SInv    .            (no ring)
Will    .....        (no ring)
Stlth   ++           (no ring)
HPRegen 0.29/turn    (no ring)
MPRegen 0.11/turn    (no ring)
                     (no ring)

%: no passive effects
@: beast-form
A: beast (slay +3), almost no armour, amphibious, 8 rings, camouflage 1,
gelatinous body 1, (nimble swimmer 1), tentacles
a: Begin Untransformation, Renounce Religion, Stomp, Line Pass


You were on level 7 of the Dungeon.
You worshipped Uskayaw.
Uskayaw was noncommittal.
You were a hulking beast.
You visited 1 branch of the dungeon, and saw 7 of its levels.

You collected 293 gold pieces.
You spent 80 gold pieces at shops.

Inventory:

Missiles
 e - 3 throwing nets
 j - 4 boomerangs
 x - 2 atropa-tipped darts
 y - 5 poisoned darts
Armour
 v - a +2 tower shield (worn)
Jewellery
 m - a +6 ring of intelligence (left tentacle)
 w - a ring of positive energy (right tentacle)
Talismans
 b - a beast talisman (active)
Wands
 r - a wand of charming (6)
 A - a wand of polymorph (11)
Scrolls
 c - a scroll of identify
 d - a scroll of torment {unknown}
 f - 2 scrolls of silence {unknown}
 h - 2 scrolls of blinking {unknown}
 n - 2 scrolls of immolation {unknown}
 p - 4 scrolls of amnesia
 s - a scroll of fog {unknown}
 t - a scroll of teleportation {unknown}
 u - a scroll of enchant armour {unknown}
 z - a scroll of revelation {unknown}
 B - a scroll of brand weapon {unknown}
Potions
 a - 2 potions of lignification {!q}
 g - 4 potions of heal wounds
 i - a potion of berserk rage {!q}
 k - 2 potions of curing
 l - 3 potions of ambrosia
 o - a potion of might
 q - a potion of cancellation


   Skills:
 + Level 3.8 Fighting
 + Level 4.3 Dodging
 * Level 6.3 Unarmed Combat
 + Level 2.4 Invocations
 + Level 3.2 Evocations
 * Level 5.5 Shapeshifting


You had 7 spell levels left.
You didn't know any spells.
Your spell library contained the following spells:

 Spells                   Type           Power      Damage    Failure   Level
 Freeze                   Ice            0%         1d3       99%         1
 Magic Dart               Conj           0%         1d3       99%         1
 Call Imp                 Summ           0%         N/A       100%        2
 Sublimation of Blood     Necr           0%         N/A       100%        2
 Wereblood                Tmut           0%         N/A       100%        2
 Frozen Ramparts          Ice            0%         1d1       100%        3
 Hailstorm                Conj/Ice       0%         3d3       100%        3
 Mephitic Cloud           Conj/Pois/Air  0%         N/A       100%        3
 Summon Hydra             Summ           0%         N/A       100%        7


Dungeon Overview and Level Annotations

Branches:
Dungeon (7/15)             Temple (0/1) D:5

Altars:
Dithmenos
Elyvilon
Hepliaklqana
Kikubaaqudgha
Trog
Uskayaw
Yredelemnul

Shops:
D:2 *   D:5 *   D:7 [[


Innate Abilities, Weirdness & Mutations

You are a hulking beast.
Your limbs bulge with bestial killing power. (Slay +3)
You cannot wear most types of armour.
You are amphibious.
You can wear up to eight rings at the same time.
Your skin changes colour to match your surroundings (Stealth+).
Your rubbery body absorbs attacks. (AC +1, EV +1)
((You are camouflaged when in or above water. (Stealth+)))
You have tentacles for arms and can constrict up to eight enemies at once.


Message History

You tentacle-slap the phantom.
The phantom is almost destroyed.
The phantom hits you but does no damage.
You block the steam dragon's attack. The steam dragon claws you.
You block the steam dragon's attack. x2; The phantom barely misses you.
You tentacle-slap the phantom.
You destroy the phantom!
The steam dragon barely misses you. The steam dragon closely misses you.
You tentacle-slap the steam dragon.
The steam dragon is moderately wounded.
You block the steam dragon's attack. x2
Uskayaw will force your foes to helplessly watch your dance.
Uskayaw prepares the audience for your solo!
The helpless steam dragon fails to defend itself.
You tentacle-slap the steam dragon.
You squeeze the steam dragon, but do no damage.
The steam dragon is moderately wounded.
The steam dragon is no longer paralysed.
You block the steam dragon's attack. The steam dragon claws you.
The steam dragon breathes steam at you. The ball of steam hits you!
* * * LOW HITPOINT WARNING * * *
Aiming: Line Pass
Press: ? - help, Dir - move target The steam dragon appears confused.
The steam dragon barely misses itself. x2
Unknown command.
You tentacle-slap the steam dragon.
The steam dragon is moderately wounded.
You block the steam dragon's attack. The steam dragon closely misses you.
You bludgeon the steam dragon!
The steam dragon is heavily wounded.
The steam dragon seems less confused.
The steam dragon bites you!
* * * LOW HITPOINT WARNING * * *
You block the steam dragon's attack.
Uskayaw will force your foes to helplessly watch your dance.
You tentacle-slap the steam dragon.
Your tentacle-slap misses the steam dragon.
The steam dragon is severely wounded.
The steam dragon bites you!
You die...

...#...#.# #.#########
...#...#.# #.#...
.......#.# ####.#.#
......##.# #..!...####.
#....##.# #...........
#....##.# #...)..###..
#....##.####...........
#.......##......#.###.#
##....#####.....hD..§..#
......# #.....##§##..#
......# #..... ...# .#
.....)# ####+###..# .
'#....# #..# .#....#
#..# .#....# ####
'####### ........


You could see a steam dragon.

Vanquished Creatures
  Sigmund (D:4)
  A black bear (D:7)
  An ice beast (D:6)
  A sky beast (D:6)
  A phantom (D:7)
  A kobold brigand (D:6)
  3 scorpions
  A hound (D:6)
  2 orc priests (D:5)
  3 jellies
  3 iguanas
  Jessica (D:3)
  5 orc wizards
  6 gnolls
  7 adders
  3 white imps
  An ufetubus (D:6)
  28 orcs
  6 endoplasms
  3 giant cockroaches (D:1)
  4 hobgoblins
  16 jackals
  10 kobolds
  7 quokkas
  4 ball pythons
  3 bats
  6 frilled lizards (D:2)
  4 goblins
  8 rats
140 creatures vanquished.

Notes
Turn   | Place    | Note
-------+----------+-------------------------------------------
     0 | D:1      | mopl the Octopode Shapeshifter began the quest for the Orb.
     0 | D:1      | Reached XP level 1. HP: 13/13 MP: 1/1
   195 | D:1      | Reached XP level 2. HP: 16/18 MP: 2/2
   575 | D:1      | Reached XP level 3. HP: 4/23 MP: 3/3
  1253 | D:2      | Found Emuma's General Store.
  1402 | D:2      | Reached XP level 4. HP: 28/28 MP: 4/4
  1677 | D:2      | Bought a potion of might for 40 gold pieces
  1677 | D:2      | Bought a scroll of amnesia for 40 gold pieces
  1829 | D:3      | Reached skill level 4 in Unarmed Combat
  1829 | D:3      | Reached XP level 5. HP: 23/34 MP: 5/5
  1915 | D:3      | Noticed Jessica
  1920 | D:3      | Killed Jessica
  1921 | D:3      | Reached skill level 2 in Fighting
  2082 | D:3      | Found an ancient bone altar of Kikubaaqudgha.
  2649 | D:4      | Reached skill level 4 in Shapeshifting
  2652 | D:4      | Reached XP level 6. HP: 27/39 MP: 6/6
  2686 | D:4      | Reached skill level 3 in Dodging
  2686 | D:4      | Reached skill level 1 in Evocations
  2912 | D:4      | Noticed Sigmund
  2927 | D:4      | Killed Sigmund
  2928 | D:4      | Reached skill level 5 in Unarmed Combat
  2928 | D:4      | Reached XP level 7. HP: 20/45 MP: 7/7
  3103 | D:4      | Noticed a +0 dagger
  3104 | D:4      | Noticed a +0 dagger
  3105 | D:4      | Found a hide-covered altar of Uskayaw.
  3123 | D:4      | Became a worshipper of Uskayaw the Reveller
  3223 | D:4      | Found a white marble altar of Elyvilon.
  3279 | D:4      | Found a basalt altar of Yredelemnul.
  3654 | D:5      | Entered Level 5 of the Dungeon
  3657 | D:5      | Reached * piety under Uskayaw
  3660 | D:5      | Reached ** piety under Uskayaw
  3778 | D:5      | Reached *** piety under Uskayaw
  3780 | D:5      | Reached **** piety under Uskayaw
  3782 | D:5      | Reached skill level 2 in Evocations
  3785 | D:5      | Reached ***** piety under Uskayaw
  3787 | D:5      | Reached skill level 3 in Fighting
  4039 | D:5      | Found Zomekom's Overcharged Wands.
  4043 | D:5      | Reached skill level 1 in Invocations
  4170 | D:5      | Found a shadowy altar of Dithmenos.
  4176 | D:5      | Noticed a shadow
  4179 | D:5      | Found a hazy altar of Hepliaklqana.
  4206 | D:5      | Found a staircase to the Ecumenical Temple.
  4485 | D:6      | Reached skill level 5 in Shapeshifting
  4485 | D:6      | Reached XP level 8. HP: 10/52 MP: 7/9
  4748 | D:6      | Reached skill level 4 in Dodging
  5084 | D:6      | Reached skill level 6 in Unarmed Combat
  5213 | D:6      | Reached skill level 2 in Invocations
  5361 | D:6      | Reached skill level 3 in Evocations
  5588 | D:7      | Found Joiwu's Armour Boutique.
  5617 | D:7      | Found a bloodstained altar of Trog.
  5621 | D:7      | Found Pufroiwofy's Armour Boutique.
  5656 | D:7      | Slain by a steam dragon

Illustrated notes

Levels and vault maps discovered:
D:1:      dpeg_arrival_arbitrary_a, layout_basic, minmay_misc_feat_nine_boxes
D:2:      layout_loops_corners, serial_shops, nicolae_shop_tiny_glass,
          minmay_lizard_pond
D:3:      layout_loops_ring, kiku_gazebo_pond_becter, uniq_jessica
D:4:      layout_basic, kennysheep_ying_yang, dancing_weapons_uskayaw,
          minmay_stone_trees_small, uniq_sigmund
D:5:      layout_basic, riverfiend_overflow_shadow_ancestor,
          minmay_temple_entry_mist, nicolae_shop_overcharged_wands
D:6:      layout_gridville, serial_glass, glass_columns_a, glass_columns_a
D:7:      kennysheep_housing_project, layout_basic, bloody_trog, serial_shops,
          shop, shop, shop, uniq_joseph, uniq_pikel

Skill      XL: |  1  2  3  4  5  6  7  8 |
---------------+-------------------------+-----
Unarmed Combat | 4 5 6 |  6.3
Fighting       | 2 3 |  3.8
Shapeshifting  | 4 5 |  5.5
Dodging        | 3 4 |  4.3
Evocations     | 1 2 3 |  3.2
Invocations    | 1 2 |  2.4

Action                     |  1- 3 |  4- 6 |  7- 9 || total
---------------------------+-------+-------+-------++-------
  Melee: Unarmed           |    84 |    76 |   123 ||   283
         Constrict         |    24 |    24 |    31 ||    79
         Tentacles         |    14 |    14 |    26 ||    54
         Punch             |     4 |     3 |     5 ||    12
 Invoke: Line Pass         |       |       |     1 ||     1
    Use: Potion            |       |     1 |       ||     1
         Scroll            |       |       |     5 ||     5
   Stab: Sleeping          |     8 |     1 |     5 ||    14
         Paralysed         |       |       |     5 ||     5
 Armour: Skin              |     8 |     3 |     3 ||    14
  Dodge: Dodged            |    53 |    49 |    28 ||   130
  Block: Tower shield      |       |       |    72 ||    72

Table legend: (Time is in decaauts)
 A = Elapsed time spent in this place.
 B = Non-inter-level travel time spent in this place.
 C = Inter-level travel time spent in this place.
 D = Time resting spent in this place.
 E = Time spent auto-exploring this place.
 F = Levels seen in this place.
 G = Mean time per level.
                   A        B        C        D        E       F      G
               +--------+--------+--------+--------+--------+-----+--------+
         Total |   5688 |   5521 |    167 |   1070 |   3599 |   7 |  812.6 |
       Dungeon |   5688 |   5521 |    167 |   1070 |   3599 |   7 |  812.6 |
               +--------+--------+--------+--------+--------+-----+--------+

Top non-repeatable levels by time:
     D:4: 1061 daAuts
     D:6: 1024 daAuts
     D:5: 892 daAuts
     D:1: 874 daAuts
     D:3: 865 daAuts
     D:2: 843 daAuts
     D:7: 126 daAuts
